 Dungeon Crawl Stone Soup version 0.30-a0-23-ge60ba3568b (webtiles) character file.

Game seed: 9973834505964611392

365 SensoryNuts the Chopper (level 6, 0/38 HPs)
             Began as a Gargoyle Fighter on Aug 25, 2022.
             Killed from afar by a white imp (8 damage)
             ... with a puff of frost
             ... summoned by Eustachio
             ... on level 5 of the Dungeon.
             The game lasted 00:05:01 (4755 turns).

SensoryNuts the Chopper (Gargoyle Fighter)          Turns: 4755, Time: 00:05:01

Health: 0/38       AC: 12    Str: 20    XL:     6   Next: 68%
Magic:  0/6        EV:  9    Int: 13    God:
Gold:   204        SH:  4    Dex:  8    Spells: 5/5 levels left

rFire   . . .      SeeInvis .    a - +0 war axe
rCold   . . .      Faith    .    c - +0 buckler
rNeg    + . .      Spirit   +    b - +0 scale mail
rPois   ∞          Reflect  .    (no helmet)
rElec   +          Harm     .    (no cloak)
rCorr   .          Rampage  .    (no gloves)
Will    +....                    e - +0 pair of boots
Stlth   ..........               f - amulet of guardian spirit
HPRegen 0.12/turn                (no ring)
MPRegen 0.10/turn                (no ring)

@: no status effects
A: sickness immunity, AC +4, negative energy resistance 1, electricity
resistance, torment resistance 1, petrification resistance, clever 1,
strong-willed 1
a: no special abilities


You were on level 5 of the Dungeon.
You visited 2 branches of the dungeon, and saw 6 of its levels.

You collected 204 gold pieces.

Inventory:

Hand Weapons
 a - a +0 war axe (weapon)
Armour
 b - a +0 scale mail (worn)
 c - a +0 buckler (worn)
 e - a +0 pair of boots (worn)
Jewellery
 d - a ring of magical power
 f - an amulet of guardian spirit (around neck)
 n - a ring of flight
Scrolls
 i - a scroll of enchant weapon
 j - a scroll of butterflies
Potions
 g - 2 potions of curing
 h - 2 potions of attraction
 l - a potion of flight {unknown}
 o - a potion of magic {unknown}


   Skills:
 + Level 3.9 Fighting
 * Level 5.0 Axes
 + Level 4.1 Armour
 + Level 1.1 Dodging
 + Level 0.9 Stealth
 + Level 3.9 Shields


You had 5 spell levels left.
You didn't know any spells.
Your spell library contained the following spells:

 Spells                   Type           Power      Damage    Failure   Level
 Slow                     Hex            0%         N/A       75%         1
 Scorch                   Fire           0%         2d5       86%         2
 Call Canine Familiar     Summ           0%         N/A       98%         3
 Confusing Touch          Hex            0%         N/A       98%         3
 Portal Projectile        Hex/Tloc       0%         N/A       98%         3
 Vampiric Draining        Necr           0%         2d6       98%         3
 Flame Wave               Conj/Fire      0%         2d4       100%        4
 Leda's Liquefaction      Hex/Erth       0%         N/A       100%        4
 Summon Cactus Giant      Summ           0%         N/A       100%        6


Dungeon Overview and Level Annotations

Branches:
Dungeon (5/15)             Temple (1/1) D:5

Altars:
Ashenzari
Cheibriados
Gozag
Kikubaaqudgha
Okawaru
Qazlal
Trog
Uskayaw
Wu Jian
Xom
Zin
The Shining One

Annotations:
D:5 Eustachio


Innate Abilities, Weirdness & Mutations

You are immune to sickness and miasma.
Your stone body is resilient. (AC +4)
You are immune to poison.
You resist negative energy. (rN+)
You are resistant to electric shocks. (rElec)
You are resistant to unholy torment.
You are immune to petrification.
Your mind is acute. (Int +4, Str/Dex -1)
You are strong-willed. (Will+)


Message History

Eustachio hits you with a +0 rapier. The white imp gestures at you.
The puff of frost hits you. The shadow imp hits you.
The quokka bites you but does no damage.
Eustachio hits you with a +0 rapier.
* * * LOW HITPOINT WARNING * * *
You closely miss Eustachio.
Eustachio is severely wounded.
You hit the white imp but do no damage. You barely miss the shadow imp.
You miss the quokka. The white imp closely misses you.
The shadow imp closely misses you.
The quokka bites you but does no damage.
Eustachio gestures wildly while chanting.
You closely miss Eustachio.
Eustachio is severely wounded.
You barely miss the white imp. You closely miss the shadow imp.
You slash the quokka!
You kill the quokka!
The quokka's corpse disappears in a puff of smoke!
The shadow imp disappears in a puff of smoke!
The white imp completely misses you.
Eustachio mumbles some strange words.
Eustachio blinks!
You block the white imp's attack.
The quokka bites you but does no damage.
Eustachio gestures wildly while chanting.
Eustachio blinks!
The white imp shouts, "Leave, thou foppish rump-fed guttersnipe!"
The white imp closely misses you. The white imp barely misses you.
You block the quokka's attack.
You miss Eustachio.
Eustachio is severely wounded.
You slash the white imp! You closely miss the white imp. x2
You miss the quokka. Eustachio hits you but does no damage.
The quokka bites you.
* * * LOW HITPOINT WARNING * * *
The white imp hits you but does no damage.
The white imp lashes its tail.
The white imp gestures at you. The puff of frost hits you!
You die...

##########
#.....§..#
#....55..#
#....r@5.#
#....@...# #
##.....!.#
..##....§..#
...........#
............#
#.............#
#....####.....#
#+####....####.....#


You could see Eustachio, 3 white imps and a quokka (summoned).

Vanquished Creatures
  A phantom (D:5)
  2 jellies (D:4)
  2 orc priests (D:4)
  4 gnolls (D:4)
  5 adders
  4 dart slugs
  10 orcs
  5 ball pythons
  3 bats
  6 endoplasms
  2 giant cockroaches
  7 goblins
  6 hobgoblins
  2 jackals (D:1)
  2 quokkas
  4 kobolds
  4 rats
69 creatures vanquished.

Notes
Turn   | Place    | Note
-------+----------+-------------------------------------------
     0 | D:1      | SensoryNuts the Gargoyle Fighter began the quest for the
                  | Orb.
     0 | D:1      | Reached XP level 1. HP: 14/14 MP: 1/1
   145 | D:1      | Found a faded altar of an unknown god.
   245 | D:1      | Reached skill level 2 in Axes
   245 | D:1      | Reached XP level 2. HP: 19/19 MP: 2/2
  1012 | D:1      | Gained mutation: You are strong-willed. (Will+) [potion of
                  | mutation]
  1012 | D:1      | Gained mutation: Your mind is acute. (Int +4, Str/Dex -1)
                  | [potion of mutation]
  1144 | D:2      | Reached XP level 3. HP: 22/23 MP: 3/3
  1285 | D:2      | Found a shimmering altar of Xom.
  1615 | D:2      | Reached skill level 3 in Axes
  1615 | D:2      | Reached XP level 4. HP: 26/28 MP: 4/4
  2551 | D:3      | Found an ancient bone altar of Kikubaaqudgha.
  2821 | D:3      | You fall into a shaft and drop 1 floor!
  3327 | D:4      | Reached XP level 5. HP: 31/33 MP: 1/5
  3525 | D:4      | Reached skill level 4 in Axes
  3735 | D:4      | Reached skill level 1 in Dodging
  3735 | D:4      | Reached XP level 6. HP: 35/38 MP: 6/6
  4240 | D:5      | Entered Level 5 of the Dungeon
  4249 | D:5      | Found a staircase to the Ecumenical Temple.
  4255 | Temple   | Entered the Ecumenical Temple
  4353 | D:5      | Noticed an ice beast
  4578 | D:5      | Reached skill level 5 in Axes
  4686 | D:5      | Noticed Eustachio
  4755 | D:5      | Killed from afar by a white imp

Illustrated notes

Levels and vault maps discovered:
D:1:      dpeg_arrival_rooms_with_view, layout_basic,
          chequers_ecumenical_altar_island
D:2:      layout_basic, serial_corexii_hall, corexii_hall_statues_s,
          chequers_hall_statues_y, basic_altar
D:3:      layout_basic, kiku_gazebo_garden_becter, minmay_misc_feat_iff,
          kennysheep_pointless_box, chequers_serial_rivers_micro_d
D:4:      layout_basic
D:5:      layout_gridville, fiery_altar_vehumet,
          minmay_temple_entry_enclosed_plants, serial_shops,
          nicolae_shop_waterfront, kennysheep_generic_room_13, uniq_eustachio
Temple:   eino_temple_lava

Skill      XL: |  1  2  3  4  5  6 |
---------------+-------------------+-----
Axes           | 2 3 4 5 |  5.0
Armour         | 4 |  4.1
Dodging        | 1 |  1.1
Fighting       | |  3.9
Stealth        | |  0.9
Shields        | |  3.9

Action                   |  1- 3 |  4- 6 || total
-------------------------+-------+-------++-------
Melee: War axe           |   102 |   235 ||   337
  Use: Scroll            |     3 |     5 ||     8
       Potion            |     2 |     7 ||     9
Armor: Scale mail        |    55 |   178 ||   233
Dodge: Dodged            |    56 |   153 ||   209
Block: Buckler           |    22 |    60 ||    82

Table legend: (Time is in decaauts)
 A = Elapsed time spent in this place.
 B = Non-inter-level travel time spent in this place.
 C = Inter-level travel time spent in this place.
 D = Time resting spent in this place.
 E = Time spent auto-exploring this place.
 F = Levels seen in this place.
 G = Mean time per level.
                   A        B        C        D        E       F      G
               +--------+--------+--------+--------+--------+-----+--------+
         Total |   4863 |   4707 |    156 |      0 |   3877 |   6 |  810.5 |
       Dungeon |   4779 |   4623 |    156 |      0 |   3811 |   5 |  955.8 |
        Temple |     84 |     84 |      0 |      0 |     66 |   1 |   84.0 |
               +--------+--------+--------+--------+--------+-----+--------+

Top non-repeatable levels by time:
     D:2: 1219 daAuts
     D:4: 1196 daAuts
     D:1: 1112 daAuts
     D:3: 958 daAuts
     D:5: 292 daAuts
  Temple: 84 daAuts
